 Dungeon Crawl Stone Soup version 0.31-a0-435-g2c6fae2916 (webtiles) character file.

Game seed: 8612993083935888117

933 floatRand the Cudgeller (level 8, -6/74 HPs)
             Began as an Ogre Warper on Aug 1, 2023.
             Was an Initiate of Sif Muna.
             Mangled by Menkaure (21 damage)
             ... on level 7 of the Dungeon.
             The game lasted 00:08:03 (7113 turns).

floatRand the Cudgeller (Ogre Warper)               Turns: 7113, Time: 00:08:04

Health: -6/74      AC:  3    Str: 18    XL:     8   Next: 11%
Magic:  11/11      EV: 14    Int: 14    God:    Sif Muna [......]
Gold:   241        SH:  0    Dex:  8    Spells: 6/11 levels left

rFire   + . .        a - +0 mace
rCold   . . .        (no shield)
rNeg    . . .        b - +0 robe
rPois   .            (helmet restricted)
rElec   .            (no cloak)
rCorr   .            (gloves unavailable)
SInv    .            (boots unavailable)
Will    .....        (no amulet)
Stlth   +            k - +5 ring of evasion
HPRegen 0.32/turn    l - ring of protection from fire
MPRegen 0.12/turn

%: no passive effects
@: hasted, invisible, very quick
A: large, unfitting armour, tough skin 1
a: Renounce Religion


You were on level 7 of the Dungeon.
You worshipped Sif Muna.
Sif Muna was noncommittal.
You visited 2 branches of the dungeon, and saw 8 of its levels.

You collected 241 gold pieces.

Inventory:

Hand Weapons
 a - a +0 mace (weapon)
Missiles
 d - 5 darts of dispersal (quivered)
 f - 9 poisoned darts
Armour
 b - a +0 robe (worn)
Jewellery
 k - a +5 ring of evasion (left hand)
 l - a ring of protection from fire (right hand)
 n - a ring of protection from fire
Wands
 i - a wand of paralysis (6)
Scrolls
 c - 2 scrolls of silence
 e - 2 scrolls of teleportation {unknown}
 j - a scroll of vulnerability {unknown}
 p - a scroll of butterflies
 s - a scroll of fog
Potions
 g - a potion of mutation
 h - 3 potions of curing
 m - 2 potions of attraction {unknown}
 q - a potion of enlightenment


   Skills:
 - Level 2.6 Fighting
 * Level 7.4 Maces & Flails
 - Level 1.0 Throwing
 - Level 2.1 Dodging
 - Level 2.4 Spellcasting
 + Level 4.4 Translocations
 + Level 1.8 Invocations


You had 6 spell levels left.
You knew the following spells:

 Your Spells              Type           Power      Damage    Failure   Level
a - Blink                 Tloc           28%        N/A       5%          2
b - Teleport Other        Tloc           14%        N/A       11%         3

Your spell library contained the following spells:

 Spells                   Type           Power      Damage    Failure   Level
 Lesser Beckoning         Tloc           28%        N/A       5%          2
 Slow                     Hex            4%         N/A       22%         1
 Vhi's Electric Charge    Tloc/Air       14%        N/A       28%         3
 Cigotuvi's Dreadful Rot  Necr/Pois/Air  2%         N/A       34%         2
 Static Discharge         Conj/Air       2%         2-3/arc   34%         2
 Manifold Assault         Tloc           14%        N/A       36%         4
 Confusing Touch          Hex            1%         N/A       56%         3
 Ignite Poison            Fire/Tmut/Pois 1%         N/A       56%         3
 Vampiric Draining        Necr           1%         2d6       56%         3
 Airstrike                Air            0%         2d(1-17)  92%         4
 Summon Lightning Spire   Summ/Air       1%         N/A       92%         4
 Arcjolt                  Conj/Air       0%         1d10      99%         5
 Freezing Cloud           Conj/Ice/Air   0%         6-21      99%         5
 Maxwell's Capacitive Co  Air            0%         ∞         100%        8


Dungeon Overview and Level Annotations

Branches:
Dungeon (7/15)             Temple (1/1) D:5

Altars:
Ashenzari
Cheibriados
Dithmenos
Elyvilon
Fedhas
Hepliaklqana
Okawaru
Sif Muna
Uskayaw
Vehumet
Wu Jian
Xom
Yredelemnul
The Shining One

Portals:
Bailey: D:7

Annotations:
D:3 2 runed translucent doors, bmj180's ghost, amateur DjFE
D:7 Menkaure


Innate Abilities, Weirdness & Mutations

You are too large for most types of armour.
You have tough skin. (AC +1)


Message History

Menkaure, Prince of Dust comes into view.
Menkaure shouts!
Okay, then.
You hit Menkaure.
Menkaure is moderately damaged.
Menkaure hits you!!
Unknown command.
You closely miss Menkaure.
Menkaure is moderately damaged.
Unknown command.
You hit Menkaure but do no damage.
Menkaure is moderately damaged.
Menkaure calls on the powers of darkness!
Your body is wracked with pain!
You hit Menkaure.
Menkaure is moderately damaged.
Menkaure hits you!
* * * LOW HITPOINT WARNING * * *
Unknown command.
You hear the creaking of a portcullis nearby.
You feel yourself speed up.
Menkaure gestures wildly while chanting.
Menkaure seems to speed up.
Unknown command.
You fade into invisibility!
Okay, then.
You hit Menkaure.
Menkaure is severely damaged.
Menkaure closely misses you.
You barely miss Menkaure.
Menkaure is severely damaged.
Menkaure barely misses you.
You hit Menkaure.
Menkaure is severely damaged.
Menkaure hits you.
* * * LOW HITPOINT WARNING * * *
You barely miss Menkaure.
Menkaure is severely damaged.
Menkaure hits you!!
You die...

....# #..... ....+ #.....# ...#
#.....# ..# #.....# #.# ##.....#
##'###+#......####
#......#.....~...#
#...M..#.........+ .......#
#...@..'.........# .......#
+......#.........###
.......###+###....##..........>#
.......##...##############.....##
.........................#.......
.........................#.......
.........................#.......
.....>...................#.......
.......##...##....<......#.......


You could see Menkaure (fast).

Vanquished Creatures
  Prince Ribbit (D:5)
  A black bear (D:4)
  2 sky beasts
  A kobold brigand (D:3)
  A jelly (D:5)
  An orc priest (D:5)
  3 hounds
  2 iguanas
  3 orc wizards
  4 gnolls (D:2)
  An ufetubus (D:7)
  2 worms
  2 dart slugs
  7 orcs
  2 bats (D:2)
  6 endoplasms
  4 giant cockroaches
  9 goblins
  4 hobgoblins
  2 jackals
  9 kobolds
  2 quokkas
  6 ball pythons
  3 frilled lizards
  5 rats
83 creatures vanquished.

Notes
Turn   | Place    | Note
-------+----------+-------------------------------------------
     0 | D:1      | floatRand the Ogre Warper began the quest for the Orb.
     0 | D:1      | Reached XP level 1. HP: 22/22 MP: 3/3
    45 | D:1      | Reached skill level 2 in Maces & Flails
   133 | D:1      | Reached XP level 2. HP: 19/29 MP: 5/5
   498 | D:1      | Found a faded altar of an unknown god.
   879 | D:1      | Reached skill level 3 in Maces & Flails
  1035 | D:2      | Reached XP level 3. HP: 36/36 MP: 6/6
  1174 | D:2      | Learned a level 2 spell: Blink
  1178 | D:2      | Learned a level 3 spell: Teleport Other
  1711 | D:2      | HP: 1/36 [gnoll/+0 flail (12)]
  2201 | D:2      | Reached XP level 4. HP: 44/44 MP: 7/7
  2207 | D:2      | Reached skill level 4 in Maces & Flails
  2429 | D:3      | Found a hide-covered altar of Uskayaw.
  2526 | D:3      | Reached XP level 5. HP: 20/50 MP: 8/8
  2543 | D:3      | HP: 1/50 [orc/+0 hand axe (3)]
  2758 | D:3      | Found a runed translucent door.
  2764 | D:3      | Noticed bmj180's ghost (amateur DjFE)
  2851 | D:3      | Found an ornate altar of the Wu Jian Council.
  3116 | D:3      | Found a runed translucent door.
  3717 | D:4      | Noticed a black bear
  3891 | D:4      | Noticed a kobold brigand
  3910 | D:3      | Killed a kobold brigand
  3911 | D:3      | Reached skill level 5 in Maces & Flails
  4119 | D:4      | Killed a black bear
  4120 | D:4      | Reached XP level 6. HP: 26/59 MP: 9/9
  4558 | D:4      | Reached skill level 6 in Maces & Flails
  4949 | D:5      | Entered Level 5 of the Dungeon
  5335 | D:5      | Reached XP level 7. HP: 25/66 MP: 10/10
  5517 | D:5      | Noticed Prince Ribbit
  5536 | D:5      | Killed Prince Ribbit
  5778 | D:5      | Reached skill level 7 in Maces & Flails
  5804 | D:5      | Found a staircase to the Ecumenical Temple.
  5870 | Temple   | Entered the Ecumenical Temple
  5938 | Temple   | Became a worshipper of Sif Muna the Loreminder
  6563 | D:5      | Found a broken altar of Ashenzari.
  6677 | D:6      | Reached skill level 1 in Invocations
  6805 | D:6      | You fall into a shaft and drop 1 floor!
  6907 | D:7      | Found a flagged portal.
  6979 | D:7      | Reached XP level 8. HP: 35/74 MP: 11/11
  7101 | D:7      | Noticed Menkaure
  7113 | D:7      | Mangled by Menkaure

Illustrated notes

Levels and vault maps discovered:
D:1:      tarquinn_simple_flora_water_e, layout_basic,
          shapermc_ecumenical_altar_totnotflames
D:2:      layout_basic
D:3:      layout_basic, nzn_wu_jian_council_hall,
          eat_drink_and_be_merry_uskayaw, ebering_ghost_sewer_f
D:4:      layout_loops_ring
D:5:      layout_cave_pods, kennysheep_mini_moat,
          minmay_temple_entry_sparse_star, patterned_corridor,
          uniq_prince_ribbit1
D:6:      layout_loops_ring, mainiacjoe_overflow_chevrons,
          nicolae_qazlal_general_emergency
D:7:      layout_gridville, trog_ov_bears_minmay, enter_bailey_3, the_hattery,
          uniq_pikel, uniq_menkaure, uniq_maggie
Temple:   grunt_temple_mini_profane

Skill      XL: |  1  2  3  4  5  6  7 |
---------------+----------------------+-----
Maces & Flails | 2 3 4 5 6 7 |  7.4
Translocations | 3 4 |  4.4
Invocations    | 1 |  1.8
Fighting       | |  2.6
Throwing       | |  1.0
Dodging        | |  2.1
Spellcasting   | |  2.4

Action                     |  1- 3 |  4- 6 |  7- 9 || total
---------------------------+-------+-------+-------++-------
  Melee: Mace              |   133 |   173 |   126 ||   432
         Punch             |     2 |     2 |     1 ||     5
  Throw: Dart              |     6 |    13 |     4 ||    23
   Cast: Blink             |       |     2 |       ||     2
  Evoke: Wand              |       |       |     2 ||     2
    Use: Scroll            |     1 |     7 |     3 ||    11
         Potion            |       |     1 |     2 ||     3
   Stab: Paralysed         |       |       |     3 ||     3
 Armour: Robe              |    56 |    23 |    22 ||   101
         Skin              |       |    25 |       ||    25
  Dodge: Dodged            |    84 |   119 |    94 ||   297

Table legend: (Time is in decaauts)
 A = Elapsed time spent in this place.
 B = Non-inter-level travel time spent in this place.
 C = Inter-level travel time spent in this place.
 D = Time resting spent in this place.
 E = Time spent auto-exploring this place.
 F = Levels seen in this place.
 G = Mean time per level.
                   A        B        C        D        E       F      G
               +--------+--------+--------+--------+--------+-----+--------+
         Total |   7178 |   6920 |    258 |   1337 |   4058 |   8 |  897.2 |
       Dungeon |   7080 |   6837 |    243 |   1337 |   4058 |   7 | 1011.4 |
        Temple |     97 |     83 |     14 |      0 |      0 |   1 |   97.0 |
               +--------+--------+--------+--------+--------+-----+--------+

Top non-repeatable levels by time:
     D:3: 1626 daAuts
     D:5: 1477 daAuts
     D:2: 1281 daAuts
     D:1: 1143 daAuts
     D:4: 1063 daAuts
     D:7: 308 daAuts
     D:6: 180 daAuts
  Temple: 97 daAuts
